Wild vs Sharks

Created - January 18 2012 at 17:46

Goals
1 2 3 T
Wild 1 0 2 3
Sharks 0 0 2 2
Shots
1 2 3 T
Wild 15 7 7 29
Sharks 18 5 15 38

Period #1

1. Wild , Christopher Higgins 13 (Tom Gilbert, Milan Michalek) at 16:46 (PP)

Penalties :
Marek Zidlicky (SJS) for Hooking (Minor) at 8:01, Bryan McCabe (SJS) for Interference (Minor) at 15:28, Anthony Stewart (SJS) for Holding (Minor) at 16:20

Period #2

No Goal

Penalties :
Shane Doan (SJS) for Cross-checking (Minor) at 1:30, Bobby Ryan (MIN) for Slashing (Minor) at 4:59, Johnny Boychuk (SJS) for Holding (Minor) at 13:58

Period #3

2. Sharks , Pierre-Alexandre Parenteau 9 (Bryan McCabe, Eric Belanger) at 0:24 (PP)
3. Wild , Mike Modano 4 (Radek Martinek, Andrei Markov) at 1:24
4. Wild , Ryan Getzlaf 24 (Brian Willsie, Rene Bourque) at 1:45
5. Sharks , Alex Tanguay 16 (Eric Belanger, Bryan McCabe) at 5:36 (PP)

Penalties :
Tom Gilbert (MIN) for Hooking (Minor) at 0:16, Alexei Ponikarovsky (MIN) for Roughing (Double Minor) at 4:25, Radek Martinek (MIN) for High sticking (Minor) at 16:31

Goalie Stats

Brian Boucher (MIN), 36 saves from 38 shots - (0.947), W, 4-4-2, 60:00 minutes
Martin Brodeur (SJS), 26 saves from 29 shots - (0.897), L, 13-21-6, 60:00 minutes

Players Stats

Wild
Player Name              G  A  P  +/- PIM S  H  SB FO    MP 
------------------------------------------------------------
Alexei Ponikarovsky      0  0  0   1  4   0  5  0  1/2   15 
Andrei Markov            0  1  1   1  0   0  0  1  0/0   19 
Andrew Ebbett            0  0  0   0  0   0  0  0  0/1   1  
Bobby Ryan               0  0  0   0  2   2  2  1  18/31 22 
Brian Willsie            0  1  1   1  0   1  0  0  1/3   20 
Christopher Higgins      1  0  1   0  0   7  1  0  0/1   20 
Colin White              0  0  0   0  0   0  0  0  0/0   1  
Joel Ward                0  0  0   1  0   1  0  1  0/0   18 
Joni Pitkanen            0  0  0   1  0   3  0  1  0/0   22 
Michal Rozsival          0  0  0   1  0   0  0  1  0/0   22 
Mike Modano              1  0  1   1  0   3  1  0  14/25 17 
Milan Michalek           0  1  1   0  0   1  0  2  1/3   20 
Niclas Wallin            0  0  0   0  0   0  0  0  0/0   0  
Radek Martinek           0  1  1   1  2   0  3  1  0/0   15 
Rene Bourque             0  1  1   1  0   4  0  0  0/1   18 
Ryan Getzlaf             1  0  1   1  0   4  4  0  20/32 22 
Sami Salo                0  0  0   0  0   1  2  5  0/0   19 
Tom Gilbert              0  1  1   0  2   2  3  1  0/0   22 
Sharks
Player Name              G  A  P  +/- PIM S  H  SB FO    MP 
------------------------------------------------------------
Alex Tanguay             1  0  1  -1  0   6  0  0  2/3   20 
Anthony Stewart          0  0  0   0  2   1  0  0  1/3   4  
Bryan McCabe             0  2  2  -1  2   0  1  0  0/0   20 
David Moss               0  0  0  -1  0   0  4  0  5/19  17 
Eric Belanger            0  2  2  -1  0   3  0  0  14/24 17 
Francois Beauchemin      0  0  0  -1  0   0  4  3  0/0   17 
Jarret Stoll             0  0  0   0  0   3  0  0  16/33 18 
Johan Franzen            0  0  0   0  0   3  0  1  3/5   19 
Johnny Boychuk           0  0  0  -1  2   1  0  1  0/0   18 
Lauri Korpikoski         0  0  0   0  0   1  0  1  0/1   4  
Marek Zidlicky           0  0  0   0  2   1  2  0  0/0   22 
Mark Stuart              0  0  0  -1  0   0  0  1  0/0   17 
Michael Ryder            0  0  0  -1  0   3  2  0  1/2   15 
Pierre-Alexandre Parente 1  0  1  -1  0   7  3  0  0/2   20 
Sergei Gonchar           0  0  0   0  0   3  2  0  0/0   23 
Shane Doan               0  0  0   0  2   2  5  0  2/5   18 
Tyler Ennis              0  0  0  -1  0   3  1  0  0/2   15 
Vladimir Sobotka         0  0  0   0  0   1  1  0  0/0   4  

3 Stars

1 - Ryan Getzlaf (MIN)
2 - Brian Boucher (MIN)
3 - Mike Modano (MIN)

Power Play

Wild - 1 on 5 Attempt(s) - 20.00%
Sharks - 2 on 5 Attempt(s) - 40.00%

Penalty Kill

Wild - 3 on 5 Attempt(s) - 60.00% - Score 0 goal in Penalty Kill
Sharks - 4 on 5 Attempt(s) - 80.00% - Score 0 goal in Penalty Kill

Game Notes

No Game Note

Finance

Level 1 -- Attendance: 4855 (74.69%) -- Ticket Income $485,500.00
Level 2 -- Attendance: 3353 (67.06%) -- Ticket Income $201,180.00
Level 3 -- Attendance: 2456 (70.17%) -- Ticket Income $85,960.00
Level 4 -- Attendance: 1496 (100.00%) -- Ticket Income $29,920.00
Luxury Box -- Attendance: 786 (78.60%) -- Ticket Income $157,200.00
Game was played at the HP Pavilion center
Total Attendance: 12946 (73.99%)
Total Ticket Income: $972,372.30
Other Income: $202,957.20
Total Income: $1,175,329.00


Play by Play

Period #1

0:01 of 1st period - Jarret Stoll wins face-off versus Ryan Getzlaf in neutral zone.
0:08 of 1st period - Shot by Johan Franzen.
0:08 of 1st period - Stopped by Brian Boucher with a rebound.
0:10 of 1st period - Shot by Jarret Stoll.
0:10 of 1st period - Shot Misses the Net.
0:12 of 1st period - Shot by Jarret Stoll.
0:12 of 1st period - Stopped by Brian Boucher without a rebound.
0:13 of 1st period - Eric Belanger wins face-off versus Bobby Ryan in Wild zone.
0:24 of 1st period - Shot by Pierre-Alexandre Parenteau.
0:24 of 1st period - Stopped by Brian Boucher with a rebound.
0:26 of 1st period - Shot by Eric Belanger.
0:26 of 1st period - Deflect By Alex Tanguay.
0:26 of 1st period - Shot Misses the Net.
0:28 of 1st period - Shot by Pierre-Alexandre Parenteau.
0:28 of 1st period - Shot Blocked by Sami Salo.
0:30 of 1st period - Shot by Alex Tanguay.
0:30 of 1st period - Stopped by Brian Boucher with a rebound.
0:34 of 1st period - Shot by Alex Tanguay.
0:34 of 1st period - Deflect By Eric Belanger.
0:34 of 1st period - Stopped by Brian Boucher without a rebound.
0:35 of 1st period - Ryan Getzlaf wins face-off versus Jarret Stoll in Wild zone.
0:39 of 1st period - Off-side.
0:40 of 1st period - Mike Modano wins face-off versus David Moss in neutral zone.
0:59 of 1st period - Shot by Michael Ryder.
0:59 of 1st period - Stopped by Brian Boucher without a rebound.
1:00 of 1st period - Ryan Getzlaf wins face-off versus Jarret Stoll in Wild zone.
1:00 of 1st period - Rene Bourque is hit by Shane Doan and loses puck.
1:13 of 1st period - Shot by Ryan Getzlaf.
1:13 of 1st period - Stopped by Martin Brodeur without a rebound.
1:14 of 1st period - Bobby Ryan wins face-off versus Eric Belanger in Sharks zone.
1:22 of 1st period - Icing by Sami Salo.
1:23 of 1st period - David Moss wins face-off versus Bobby Ryan in Wild zone.
1:25 of 1st period - Tyler Ennis is hit by Tom Gilbert and loses puck.
1:31 of 1st period - Bobby Ryan is hit by Francois Beauchemin and loses puck.
1:38 of 1st period - Shot by Christopher Higgins.
1:38 of 1st period - Stopped by Martin Brodeur with a rebound.
1:40 of 1st period - Shot by Bobby Ryan.
1:40 of 1st period - Shot Blocked by Francois Beauchemin.
1:44 of 1st period - Shot by Christopher Higgins.
1:44 of 1st period - Shot Misses the Net.
1:46 of 1st period - Shot by Christopher Higgins.
1:46 of 1st period - Stopped by Martin Brodeur without a rebound.
1:47 of 1st period - Ryan Getzlaf wins face-off versus Jarret Stoll in Sharks zone.
2:18 of 1st period - Shot by Shane Doan.
2:18 of 1st period - Stopped by Brian Boucher without a rebound.
2:19 of 1st period - Mike Modano wins face-off versus Eric Belanger in Wild zone.
2:19 of 1st period - Mike Modano is hit by Pierre-Alexandre Parenteau.
2:33 of 1st period - Shot by Mike Modano.
2:33 of 1st period - Stopped by Martin Brodeur without a rebound.
2:34 of 1st period - Bobby Ryan wins face-off versus David Moss in Sharks zone.
2:59 of 1st period - Shot by Milan Michalek.
2:59 of 1st period - Shot Misses the Net.
3:03 of 1st period - Shot by Bobby Ryan.
3:03 of 1st period - Shot Blocked by Francois Beauchemin.
3:05 of 1st period - Shot by Tom Gilbert.
3:05 of 1st period - Shot Misses the Net.
3:07 of 1st period - Shot by Milan Michalek.
3:07 of 1st period - Stopped by Martin Brodeur with a rebound.
3:09 of 1st period - Shot by Milan Michalek.
3:09 of 1st period - Shot Misses the Net.
3:13 of 1st period - Shot by Christopher Higgins.
3:13 of 1st period - Deflect By Milan Michalek.
3:13 of 1st period - Shot Blocked by Mark Stuart.
3:15 of 1st period - Shot by Bobby Ryan.
3:15 of 1st period - Shot Misses the Net.
3:17 of 1st period - Shot by Tom Gilbert.
3:17 of 1st period - Stopped by Martin Brodeur without a rebound.
3:18 of 1st period - Mike Modano wins face-off versus Shane Doan in Sharks zone.
3:18 of 1st period - Mike Modano is hit by Marek Zidlicky.
3:36 of 1st period - Shot by Joel Ward.
3:36 of 1st period - Stopped by Martin Brodeur without a rebound.
3:37 of 1st period - Ryan Getzlaf wins face-off versus Eric Belanger in Sharks zone.
3:42 of 1st period - Shot by Rene Bourque.
3:42 of 1st period - Stopped by Martin Brodeur without a rebound.
3:43 of 1st period - Eric Belanger wins face-off versus Ryan Getzlaf in Sharks zone.
4:00 of 1st period - Shot by Rene Bourque.
4:00 of 1st period - Stopped by Martin Brodeur without a rebound.
4:01 of 1st period - Jarret Stoll wins face-off versus Mike Modano in Sharks zone.
4:01 of 1st period - Jarret Stoll is hit by Alexei Ponikarovsky.
4:10 of 1st period - Icing by Sergei Gonchar.
4:11 of 1st period - Bobby Ryan wins face-off versus Jarret Stoll in Sharks zone.
4:16 of 1st period - Shot by Christopher Higgins.
4:16 of 1st period - Stopped by Martin Brodeur without a rebound.
4:17 of 1st period - Michael Ryder wins face-off versus Mike Modano in Sharks zone.
4:17 of 1st period - Michael Ryder is hit by Mike Modano.
4:28 of 1st period - Francois Beauchemin is hit by Alexei Ponikarovsky and loses puck.
4:35 of 1st period - Shot by Mike Modano.
4:35 of 1st period - Stopped by Martin Brodeur without a rebound.
4:36 of 1st period - Ryan Getzlaf wins face-off versus Jarret Stoll in Sharks zone.
4:49 of 1st period - Icing by Rene Bourque.
4:50 of 1st period - Ryan Getzlaf wins face-off versus Eric Belanger in Wild zone.
4:50 of 1st period - Ryan Getzlaf is hit by Pierre-Alexandre Parenteau.
5:21 of 1st period - Shot by Pierre-Alexandre Parenteau.
5:21 of 1st period - Stopped by Brian Boucher without a rebound.
5:22 of 1st period - Jarret Stoll wins face-off versus Bobby Ryan in Wild zone.
5:22 of 1st period - Jarret Stoll is hit by Tom Gilbert.
5:49 of 1st period - Shot by Jarret Stoll.
5:49 of 1st period - Stopped by Brian Boucher without a rebound.
5:50 of 1st period - David Moss wins face-off versus Mike Modano in Wild zone.
5:50 of 1st period - David Moss is hit by Radek Martinek.
6:22 of 1st period - Icing by Mark Stuart.
6:23 of 1st period - Ryan Getzlaf wins face-off versus David Moss in Sharks zone.
6:30 of 1st period - Michal Rozsival is hit by David Moss and loses puck.
6:38 of 1st period - Icing by Joni Pitkanen.
6:39 of 1st period - Jarret Stoll wins face-off versus Ryan Getzlaf in Wild zone.
6:54 of 1st period - Shot by Johan Franzen.
6:54 of 1st period - Stopped by Brian Boucher without a rebound.
6:55 of 1st period - Alex Tanguay wins face-off versus Bobby Ryan in Wild zone.
6:58 of 1st period - Shot by Pierre-Alexandre Parenteau.
6:58 of 1st period - Shot Blocked by Sami Salo.
7:00 of 1st period - Shot by Alex Tanguay.
7:00 of 1st period - Stopped by Brian Boucher without a rebound.
7:01 of 1st period - Anthony Stewart wins face-off versus Mike Modano in Wild zone.
7:04 of 1st period - Shot by Sergei Gonchar.
7:04 of 1st period - Shot Misses the Net.
7:08 of 1st period - Shot by Lauri Korpikoski.
7:08 of 1st period - Stopped by Brian Boucher with a rebound.
7:10 of 1st period - Shot by Lauri Korpikoski.
7:10 of 1st period - Shot Blocked by Andrei Markov.
7:14 of 1st period - Shot by Lauri Korpikoski.
7:14 of 1st period - Shot Blocked by Joel Ward.
7:16 of 1st period - Shot by Anthony Stewart.
7:16 of 1st period - Stopped by Brian Boucher without a rebound.
7:17 of 1st period - Eric Belanger wins face-off versus Bobby Ryan in Wild zone.
7:20 of 1st period - Shot by Alex Tanguay.
7:20 of 1st period - Stopped by Brian Boucher with a rebound.
7:22 of 1st period - Shot by Johnny Boychuk.
7:22 of 1st period - Shot Blocked by Sami Salo.
7:26 of 1st period - Shot by Pierre-Alexandre Parenteau.
7:26 of 1st period - Shot Misses the Net.
7:28 of 1st period - Shot by Eric Belanger.
7:28 of 1st period - Stopped by Brian Boucher without a rebound.
7:29 of 1st period - Ryan Getzlaf wins face-off versus Jarret Stoll in Wild zone.
7:45 of 1st period - Ryan Getzlaf is hit by Marek Zidlicky and loses puck.
8:01 of 1st period - Minor Penalty to Marek Zidlicky for Hooking.
8:02 of 1st period - Johan Franzen wins face-off versus Bobby Ryan in Sharks zone.
8:34 of 1st period - Shot by Andrei Markov.
8:34 of 1st period - Shot Misses the Net.
8:36 of 1st period - Shot by Andrei Markov.
8:36 of 1st period - Shot Misses the Net.
9:01 of 1st period - Andrei Markov is hit by Shane Doan.
10:07 of 1st period - Off-side.
10:08 of 1st period - Mike Modano wins face-off versus Anthony Stewart in neutral zone.
10:27 of 1st period - Marek Zidlicky is hit by Radek Martinek and loses puck.
10:43 of 1st period - Icing by Radek Martinek.
10:44 of 1st period - Mike Modano wins face-off versus David Moss in Wild zone.
10:44 of 1st period - Mike Modano is hit by Michael Ryder.
10:54 of 1st period - Off-side.
10:55 of 1st period - Bobby Ryan wins face-off versus David Moss in neutral zone.
11:12 of 1st period - Shot by Tyler Ennis.
11:12 of 1st period - Shot Misses the Net.
11:16 of 1st period - Shot by David Moss.
11:16 of 1st period - Shot Misses the Net.
11:18 of 1st period - Shot by Michael Ryder.
11:18 of 1st period - Deflect By Tyler Ennis.
11:18 of 1st period - Stopped by Brian Boucher without a rebound.
11:19 of 1st period - Ryan Getzlaf wins face-off versus Eric Belanger in Wild zone.
12:17 of 1st period - Shot by Shane Doan.
12:17 of 1st period - Shot Misses the Net.
12:19 of 1st period - Shot by Marek Zidlicky.
12:19 of 1st period - Stopped by Brian Boucher with a rebound.
12:21 of 1st period - Shot by Sergei Gonchar.
12:21 of 1st period - Shot Blocked by Michal Rozsival.
12:37 of 1st period - Shot by Johan Franzen.
12:37 of 1st period - Shot Misses the Net.
12:41 of 1st period - Shot by Shane Doan.
12:41 of 1st period - Stopped by Brian Boucher without a rebound.
12:42 of 1st period - Mike Modano wins face-off versus David Moss in Wild zone.
12:42 of 1st period - Mike Modano is hit by David Moss.
13:51 of 1st period - Christopher Higgins is hit by Pierre-Alexandre Parenteau.
15:28 of 1st period - Minor Penalty to Bryan McCabe for Interference.
15:29 of 1st period - Shane Doan wins face-off versus Andrew Ebbett in Sharks zone.
15:29 of 1st period - Shane Doan is hit by Bobby Ryan.
15:53 of 1st period - Shot by Tom Gilbert.
15:53 of 1st period - Stopped by Martin Brodeur with a rebound.
15:55 of 1st period - Shot by Sami Salo.
15:55 of 1st period - Deflect By Christopher Higgins.
15:55 of 1st period - Shot Misses the Net.
15:57 of 1st period - Shot by Sami Salo.
15:57 of 1st period - Shot Blocked by Johan Franzen.
16:19 of 1st period - Shot by Rene Bourque.
16:19 of 1st period - Stopped by Martin Brodeur without a rebound.
16:20 of 1st period - Bobby Ryan wins face-off versus Jarret Stoll in Sharks zone.
16:20 of 1st period - Minor Penalty to Anthony Stewart for Holding.
16:21 of 1st period - Shane Doan wins face-off versus Bobby Ryan in Sharks zone.
16:46 of 1st period - Shot by Christopher Higgins.
16:46 of 1st period - Goal by Christopher Higgins - Wild : 1 - Sharks : 0.
16:47 of 1st period - Ryan Getzlaf wins face-off versus Johan Franzen in neutral zone.
18:44 of 1st period - Shot by Radek Martinek.
18:44 of 1st period - Shot Misses the Net.
19:43 of 1st period - Shot by Ryan Getzlaf.
19:43 of 1st period - Stopped by Martin Brodeur without a rebound.
19:44 of 1st period - Ryan Getzlaf wins face-off versus David Moss in Sharks zone.
19:44 of 1st period - Ryan Getzlaf is hit by Francois Beauchemin.

Period #2

0:01 of 2nd period - Ryan Getzlaf wins face-off versus Jarret Stoll in neutral zone.
0:03 of 2nd period - Michal Rozsival is hit by Sergei Gonchar and loses puck.
0:16 of 2nd period - Shot by Shane Doan.
0:16 of 2nd period - Deflect By Johan Franzen.
0:16 of 2nd period - Shot Misses the Net.
0:18 of 2nd period - Shot by Jarret Stoll.
0:18 of 2nd period - Shot Misses the Net.
0:20 of 2nd period - Shot by Shane Doan.
0:20 of 2nd period - Shot Misses the Net.
0:22 of 2nd period - Shot by Sergei Gonchar.
0:22 of 2nd period - Stopped by Brian Boucher without a rebound.
0:23 of 2nd period - Eric Belanger wins face-off versus Bobby Ryan in Wild zone.
0:26 of 2nd period - Shot by Pierre-Alexandre Parenteau.
0:26 of 2nd period - Stopped by Brian Boucher without a rebound.
0:27 of 2nd period - Mike Modano wins face-off versus Eric Belanger in Wild zone.
1:04 of 2nd period - Alex Tanguay is hit by Radek Martinek and loses puck.
1:26 of 2nd period - Icing by Joel Ward.
1:27 of 2nd period - Mike Modano wins face-off versus Jarret Stoll in Wild zone.
1:27 of 2nd period - Mike Modano is hit by Shane Doan.
1:30 of 2nd period - Minor Penalty to Shane Doan for Cross-checking.
1:31 of 2nd period - Johan Franzen wins face-off versus Rene Bourque in Sharks zone.
2:00 of 2nd period - Shot by Joni Pitkanen.
2:00 of 2nd period - Stopped by Martin Brodeur without a rebound.
2:01 of 2nd period - Bobby Ryan wins face-off versus Johan Franzen in Sharks zone.
2:34 of 2nd period - Shot by Milan Michalek.
2:34 of 2nd period - Deflect By Bobby Ryan.
2:34 of 2nd period - Stopped by Martin Brodeur without a rebound.
2:35 of 2nd period - Johan Franzen wins face-off versus Brian Willsie in Sharks zone.
2:35 of 2nd period - Johan Franzen is hit by Ryan Getzlaf.
3:09 of 2nd period - Shot by Ryan Getzlaf.
3:09 of 2nd period - Shot Blocked by Lauri Korpikoski.
3:11 of 2nd period - Shot by Joni Pitkanen.
3:11 of 2nd period - Stopped by Martin Brodeur without a rebound.
3:12 of 2nd period - Bobby Ryan wins face-off versus Jarret Stoll in Sharks zone.
3:35 of 2nd period - Shot by Michael Ryder.
3:35 of 2nd period - Stopped by Brian Boucher without a rebound.
3:36 of 2nd period - Mike Modano wins face-off versus Michael Ryder in Wild zone.
4:26 of 2nd period - Christopher Higgins is hit by David Moss and loses puck.
4:59 of 2nd period - Minor Penalty to Bobby Ryan for Slashing.
5:00 of 2nd period - Jarret Stoll wins face-off versus Ryan Getzlaf in Wild zone.
5:44 of 2nd period - Icing by Johan Franzen.
5:45 of 2nd period - Jarret Stoll wins face-off versus Mike Modano in Sharks zone.
6:57 of 2nd period - Marek Zidlicky is hit by Ryan Getzlaf and loses puck.
7:02 of 2nd period - Michael Ryder is hit by Christopher Higgins and loses puck.
7:43 of 2nd period - Icing by Mark Stuart.
7:44 of 2nd period - Ryan Getzlaf wins face-off versus Tyler Ennis in Sharks zone.
9:12 of 2nd period - Shot by Christopher Higgins.
9:12 of 2nd period - Stopped by Martin Brodeur without a rebound.
9:13 of 2nd period - Ryan Getzlaf wins face-off versus Eric Belanger in Sharks zone.
9:16 of 2nd period - Shot by Ryan Getzlaf.
9:16 of 2nd period - Stopped by Martin Brodeur without a rebound.
9:17 of 2nd period - Jarret Stoll wins face-off versus Milan Michalek in Sharks zone.
9:34 of 2nd period - Tom Gilbert is hit by Shane Doan and loses puck.
9:59 of 2nd period - Icing by Tom Gilbert.
10:00 of 2nd period - Bobby Ryan wins face-off versus Pierre-Alexandre Parenteau in Wild zone.
11:12 of 2nd period - Shot by Vladimir Sobotka.
11:12 of 2nd period - Stopped by Brian Boucher without a rebound.
11:13 of 2nd period - Jarret Stoll wins face-off versus Alexei Ponikarovsky in Wild zone.
11:36 of 2nd period - Shot by Johan Franzen.
11:36 of 2nd period - Shot Misses the Net.
11:55 of 2nd period - Off-side.
11:56 of 2nd period - Bobby Ryan wins face-off versus Pierre-Alexandre Parenteau in neutral zone.
11:58 of 2nd period - Tom Gilbert is hit by Bryan McCabe and loses puck.
12:27 of 2nd period - Icing by Sami Salo.
12:28 of 2nd period - David Moss wins face-off versus Bobby Ryan in Wild zone.
12:40 of 2nd period - Tyler Ennis is hit by Sami Salo.
12:43 of 2nd period - Michael Ryder is hit by Sami Salo and loses puck.
13:07 of 2nd period - Icing by Francois Beauchemin.
13:08 of 2nd period - Mike Modano wins face-off versus David Moss in Sharks zone.
13:29 of 2nd period - Michael Ryder is hit by Alexei Ponikarovsky and loses puck.
13:46 of 2nd period - Bryan McCabe is hit by Alexei Ponikarovsky and loses puck.
13:58 of 2nd period - Minor Penalty to Johnny Boychuk for Holding.
13:59 of 2nd period - Alex Tanguay wins face-off versus Ryan Getzlaf in Sharks zone.
14:27 of 2nd period - Shot by Ryan Getzlaf.
14:27 of 2nd period - Shot Misses the Net.
15:13 of 2nd period - Shot by Christopher Higgins.
15:13 of 2nd period - Deflect By Bobby Ryan.
15:13 of 2nd period - Stopped by Martin Brodeur without a rebound.
15:14 of 2nd period - Brian Willsie wins face-off versus Shane Doan in Sharks zone.
15:19 of 2nd period - Shot by Rene Bourque.
15:19 of 2nd period - Shot Blocked by Francois Beauchemin.
15:38 of 2nd period - Icing by Joni Pitkanen.
15:39 of 2nd period - Ryan Getzlaf wins face-off versus Shane Doan in Wild zone.
16:58 of 2nd period - Icing by Bobby Ryan.
16:59 of 2nd period - Bobby Ryan wins face-off versus Lauri Korpikoski in Wild zone.
17:06 of 2nd period - Sergei Gonchar is hit by Bobby Ryan and loses puck.
17:43 of 2nd period - Michal Rozsival is hit by Vladimir Sobotka and loses puck.
18:00 of 2nd period - Shot by Rene Bourque.
18:00 of 2nd period - Shot Misses the Net.
18:02 of 2nd period - Shot by Ryan Getzlaf.
18:02 of 2nd period - Shot Misses the Net.
18:04 of 2nd period - Shot by Rene Bourque.
18:04 of 2nd period - Stopped by Martin Brodeur without a rebound.
18:05 of 2nd period - Eric Belanger wins face-off versus Mike Modano in Sharks zone.
18:22 of 2nd period - Icing by Andrei Markov.
18:23 of 2nd period - Mike Modano wins face-off versus David Moss in Wild zone.
18:35 of 2nd period - Shot by Michael Ryder.
18:35 of 2nd period - Stopped by Brian Boucher without a rebound.
18:36 of 2nd period - Eric Belanger wins face-off versus Ryan Getzlaf in Wild zone.

Period #3

0:01 of 3rd period - Ryan Getzlaf wins face-off versus Jarret Stoll in neutral zone.
0:09 of 3rd period - Icing by Marek Zidlicky.
0:10 of 3rd period - Bobby Ryan wins face-off versus Jarret Stoll in Sharks zone.
0:16 of 3rd period - Minor Penalty to Tom Gilbert for Hooking.
0:17 of 3rd period - Eric Belanger wins face-off versus Ryan Getzlaf in Wild zone.
0:24 of 3rd period - Shot by Pierre-Alexandre Parenteau.
0:24 of 3rd period - Goal by Pierre-Alexandre Parenteau - Wild : 1 - Sharks : 1.
0:25 of 3rd period - Bobby Ryan wins face-off versus David Moss in neutral zone.
0:25 of 3rd period - Tom Gilbert is hit by Tyler Ennis and loses puck.
0:35 of 3rd period - Bobby Ryan is hit by Francois Beauchemin and loses puck.
0:48 of 3rd period - Milan Michalek is hit by Michael Ryder and loses puck.
0:54 of 3rd period - Icing by Tom Gilbert.
0:55 of 3rd period - Jarret Stoll wins face-off versus Christopher Higgins in Wild zone.
1:00 of 3rd period - Shot by Shane Doan.
1:00 of 3rd period - Shot Misses the Net.
1:08 of 3rd period - Icing by Sergei Gonchar.
1:09 of 3rd period - Jarret Stoll wins face-off versus Brian Willsie in Sharks zone.
1:16 of 3rd period - Shot by Brian Willsie.
1:16 of 3rd period - Stopped by Martin Brodeur without a rebound.
1:17 of 3rd period - Alexei Ponikarovsky wins face-off versus Eric Belanger in Sharks zone.
1:24 of 3rd period - Shot by Mike Modano.
1:24 of 3rd period - Goal by Mike Modano - Wild : 2 - Sharks : 1.
1:25 of 3rd period - Ryan Getzlaf wins face-off versus David Moss in neutral zone.
1:25 of 3rd period - Ryan Getzlaf is hit by David Moss.
1:45 of 3rd period - Shot by Ryan Getzlaf.
1:45 of 3rd period - Goal by Ryan Getzlaf - Wild : 3 - Sharks : 1.
1:46 of 3rd period - Jarret Stoll wins face-off versus Mike Modano in neutral zone.
1:46 of 3rd period - Jarret Stoll is hit by Alexei Ponikarovsky.
2:39 of 3rd period - Shot by Christopher Higgins.
2:39 of 3rd period - Deflect By Bobby Ryan.
2:39 of 3rd period - Shot Misses the Net.
2:41 of 3rd period - Shot by Christopher Higgins.
2:41 of 3rd period - Shot Misses the Net.
2:43 of 3rd period - Shot by Christopher Higgins.
2:43 of 3rd period - Stopped by Martin Brodeur without a rebound.
2:44 of 3rd period - Eric Belanger wins face-off versus Ryan Getzlaf in Sharks zone.
2:58 of 3rd period - Pierre-Alexandre Parenteau is hit by Ryan Getzlaf and loses puck.
3:09 of 3rd period - Icing by Michal Rozsival.
3:10 of 3rd period - Ryan Getzlaf wins face-off versus Tyler Ennis in Wild zone.
3:29 of 3rd period - Shot by Tyler Ennis.
3:29 of 3rd period - Shot Misses the Net.
3:31 of 3rd period - Shot by Mark Stuart.
3:31 of 3rd period - Shot Misses the Net.
3:35 of 3rd period - Shot by Tyler Ennis.
3:35 of 3rd period - Stopped by Brian Boucher with a rebound.
3:39 of 3rd period - Shot by David Moss.
3:39 of 3rd period - Shot Misses the Net.
3:43 of 3rd period - Shot by Tyler Ennis.
3:43 of 3rd period - Stopped by Brian Boucher without a rebound.
3:44 of 3rd period - Eric Belanger wins face-off versus Bobby Ryan in Wild zone.
4:07 of 3rd period - Shot by Eric Belanger.
4:07 of 3rd period - Shot Misses the Net.
4:10 of 3rd period - Eric Belanger is hit by Tom Gilbert and loses puck.
4:15 of 3rd period - Shot by Alex Tanguay.
4:15 of 3rd period - Stopped by Brian Boucher without a rebound.
4:16 of 3rd period - Mike Modano wins face-off versus Jarret Stoll in Wild zone.
4:16 of 3rd period - Mike Modano is hit by Shane Doan.
4:25 of 3rd period - Double Minor Penalty to Alexei Ponikarovsky for Roughing.
4:26 of 3rd period - Jarret Stoll wins face-off versus Mike Modano in Wild zone.
5:36 of 3rd period - Shot by Alex Tanguay.
5:36 of 3rd period - Goal by Alex Tanguay - Wild : 3 - Sharks : 2.
5:37 of 3rd period - Eric Belanger wins face-off versus Ryan Getzlaf in neutral zone.
5:57 of 3rd period - Johnny Boychuk is hit by Ryan Getzlaf and loses puck.
6:31 of 3rd period - Icing by Marek Zidlicky.
6:32 of 3rd period - Ryan Getzlaf wins face-off versus Jarret Stoll in Sharks zone.
7:36 of 3rd period - Icing by Eric Belanger.
7:37 of 3rd period - David Moss wins face-off versus Ryan Getzlaf in Sharks zone.
8:30 of 3rd period - Off-side.
8:31 of 3rd period - Milan Michalek wins face-off versus Anthony Stewart in neutral zone.
9:29 of 3rd period - Shot by Pierre-Alexandre Parenteau.
9:29 of 3rd period - Stopped by Brian Boucher with a rebound.
9:31 of 3rd period - Shot by Eric Belanger.
9:31 of 3rd period - Shot Blocked by Milan Michalek.
9:35 of 3rd period - Shot by Eric Belanger.
9:35 of 3rd period - Shot Misses the Net.
9:43 of 3rd period - Shot by Alex Tanguay.
9:43 of 3rd period - Shot Blocked by Milan Michalek.
9:45 of 3rd period - Shot by Alex Tanguay.
9:45 of 3rd period - Stopped by Brian Boucher without a rebound.
9:46 of 3rd period - Mike Modano wins face-off versus David Moss in Wild zone.
10:02 of 3rd period - Off-side.
10:03 of 3rd period - Bobby Ryan wins face-off versus Jarret Stoll in neutral zone.
10:41 of 3rd period - Icing by Ryan Getzlaf.
10:42 of 3rd period - Bobby Ryan wins face-off versus Eric Belanger in Wild zone.
10:44 of 3rd period - Icing by Tom Gilbert.
10:45 of 3rd period - David Moss wins face-off versus Bobby Ryan in Wild zone.
10:51 of 3rd period - Icing by Sami Salo.
10:52 of 3rd period - Eric Belanger wins face-off versus Bobby Ryan in Wild zone.
10:57 of 3rd period - Shot by Alex Tanguay.
10:57 of 3rd period - Shot Blocked by Bobby Ryan.
10:59 of 3rd period - Shot by Bryan McCabe.
10:59 of 3rd period - Shot Blocked by Tom Gilbert.
11:01 of 3rd period - Shot by Alex Tanguay.
11:01 of 3rd period - Shot Misses the Net.
11:03 of 3rd period - Shot by Pierre-Alexandre Parenteau.
11:03 of 3rd period - Stopped by Brian Boucher with a rebound.
11:05 of 3rd period - Shot by Eric Belanger.
11:05 of 3rd period - Stopped by Brian Boucher without a rebound.
11:06 of 3rd period - Mike Modano wins face-off versus David Moss in Wild zone.
12:35 of 3rd period - Shot by Rene Bourque.
12:35 of 3rd period - Shot Blocked by Johnny Boychuk.
13:13 of 3rd period - Shot by Christopher Higgins.
13:13 of 3rd period - Stopped by Martin Brodeur without a rebound.
13:14 of 3rd period - Jarret Stoll wins face-off versus Mike Modano in Sharks zone.
13:43 of 3rd period - Shot by Shane Doan.
13:43 of 3rd period - Shot Blocked by Radek Martinek.
14:16 of 3rd period - Icing by Francois Beauchemin.
14:17 of 3rd period - Bobby Ryan wins face-off versus David Moss in Sharks zone.
14:17 of 3rd period - Bobby Ryan is hit by Francois Beauchemin.
14:21 of 3rd period - Shot by Milan Michalek.
14:21 of 3rd period - Shot Misses the Net.
16:04 of 3rd period - Icing by Sergei Gonchar.
16:05 of 3rd period - Jarret Stoll wins face-off versus Bobby Ryan in Sharks zone.
16:22 of 3rd period - Shot by Johan Franzen.
16:22 of 3rd period - Shot Blocked by Sami Salo.
16:24 of 3rd period - Shot by Sergei Gonchar.
16:24 of 3rd period - Stopped by Brian Boucher with a rebound.
16:26 of 3rd period - Shot by Sergei Gonchar.
16:26 of 3rd period - Shot Blocked by Sami Salo.
16:28 of 3rd period - Shot by Johan Franzen.
16:28 of 3rd period - Stopped by Brian Boucher without a rebound.
16:29 of 3rd period - Eric Belanger wins face-off versus Mike Modano in Wild zone.
16:31 of 3rd period - Minor Penalty to Radek Martinek for High sticking.
16:32 of 3rd period - Eric Belanger wins face-off versus Mike Modano in Wild zone.
17:36 of 3rd period - Shot by Jarret Stoll.
17:36 of 3rd period - Stopped by Brian Boucher without a rebound.
17:37 of 3rd period - Jarret Stoll wins face-off versus Ryan Getzlaf in Wild zone.
17:46 of 3rd period - Shot by Johan Franzen.
17:46 of 3rd period - Shot Blocked by Joni Pitkanen.
17:50 of 3rd period - Shot by Shane Doan.
17:50 of 3rd period - Shot Misses the Net.
17:52 of 3rd period - Shot by Marek Zidlicky.
17:52 of 3rd period - Shot Misses the Net.
17:54 of 3rd period - Shot by Sergei Gonchar.
17:54 of 3rd period - Stopped by Brian Boucher without a rebound.
17:55 of 3rd period - Ryan Getzlaf wins face-off versus Alex Tanguay in Wild zone.
18:10 of 3rd period - Shot by Alex Tanguay.
18:10 of 3rd period - Deflect By Pierre-Alexandre Parenteau.
18:10 of 3rd period - Stopped by Brian Boucher without a rebound.
18:11 of 3rd period - Jarret Stoll wins face-off versus Ryan Getzlaf in Wild zone.
18:49 of 3rd period - Icing by Sami Salo.
18:50 of 3rd period - Eric Belanger wins face-off versus Milan Michalek in Wild zone.
18:51 of 3rd period - Shot by Johnny Boychuk.
18:51 of 3rd period - Stopped by Brian Boucher without a rebound.
18:52 of 3rd period - Bobby Ryan wins face-off versus Eric Belanger in Wild zone.
19:14 of 3rd period - Shot by Joni Pitkanen.
19:14 of 3rd period - Stopped by Martin Brodeur without a rebound.
19:15 of 3rd period - Bobby Ryan wins face-off versus Jarret Stoll in Sharks zone.
19:22 of 3rd period - Shot by Sami Salo.
19:22 of 3rd period - Stopped by Martin Brodeur without a rebound.
19:23 of 3rd period - Bobby Ryan wins face-off versus Jarret Stoll in Sharks zone.
19:32 of 3rd period - Shot by Christopher Higgins.
19:32 of 3rd period - Shot Misses the Net.
19:34 of 3rd period - Shot by Michal Rozsival.
19:34 of 3rd period - Deflect By Bobby Ryan.
19:34 of 3rd period - Shot Misses the Net.
19:53 of 3rd period - Christopher Higgins is hit by Sergei Gonchar and loses puck.


Output by the SimonT Hockey Simulator (STHS) for Stephane Roy -- Original Page W3C XHTML 1.0 Valid